 Dungeon Crawl Stone Soup version 0.30-b1-2-g02819fbbbe (webtiles) character file.

Game seed: 10396784757237540653

140 EarthwalkerPL the Covered (level 5, -1/47 HPs)
             Began as a Minotaur Fighter on May 3, 2023.
             Slain by Crazy Yiuf
             ... wielding a +3 quarterstaff of chaos
              (9 damage)
             ... on level 3 of the Dungeon.
             The game lasted 00:01:53 (2122 turns).

EarthwalkerPL the Covered (Minotaur Fighter)        Turns: 2122, Time: 00:01:53

Health: -1/47      AC:  7    Str: 22    XL:     5   Next: 2%
Magic:  4/4        EV:  9    Int:  5    God:
Gold:   135        SH:  4    Dex: 10    Spells: 4/4 levels left

rFire   . . .        a - +0 war axe
rCold   . . .        c - +0 buckler
rNeg    . . .        b - +0 scale mail
rPois   .            (helmet restricted)
rElec   .            (no cloak)
rCorr   .            (no gloves)
SInv    .            (no boots)
Will    .....        (no amulet) Stlth
                     (no ring)
HPRegen 0.27/turn    (no ring)
MPRegen 0.09/turn

%: no passive effects
@: no status effects
A: horns 2, retaliatory headbutt
a: no special abilities


You were on level 3 of the Dungeon.
You visited 1 branch of the dungeon, and saw 3 of its levels.

You collected 135 gold pieces.

Inventory:

Hand Weapons
 a - a +0 war axe (weapon)
Missiles
 g - 5 curare-tipped darts (quivered)
 o - 4 poisoned darts
Armour
 b - a +0 scale mail (worn)
 c - a +0 buckler (worn)
Scrolls
 e - 2 scrolls of fear {unknown}
 f - 2 scrolls of vulnerability {unknown}
 h - 3 scrolls of teleportation {unknown}
 k - a scroll of brand weapon {unknown}
 m - a scroll of magic mapping {unknown}
 n - 2 scrolls of identify {unknown}
Potions
 d - a potion of might
 i - a potion of magic {unknown}
 j - a potion of attraction {unknown}
 l - a potion of degeneration {unknown}


   Skills:
 * Level 4.8 Fighting
 * Level 3.9 Axes
 * Level 4.8 Armour
 + Level 4.2 Shields


You had 4 spell levels left.
You didn't know any spells.
Your spell library contained the following spells:

 Spells                   Type           Power      Damage    Failure   Level
 Vhi's Electric Charge    Tloc/Air       0%         N/A       99%         3
 Arcjolt                  Conj/Air       0%         1d10      100%        5
 Plasma Beam              Fire/Air       0%         2x1d11    100%        6


Dungeon Overview and Level Annotations

Branches:
Dungeon (3/15)

Altars:
Gozag
Makhleb
Sif Muna

Annotations:
D:3 Crazy Yiuf


Innate Abilities, Weirdness & Mutations

You have a pair of horns on your head.
You reflexively headbutt those who attack you in melee.


Message History

You kill the endoplasm!
Found 3 stones.
You enter the shallow water.
Moving in this stuff is going to be slow.
You enter the shallow water.
Moving in this stuff is going to be slow.
You enter the shallow water.
Moving in this stuff is going to be slow.
Key pressed, stopping explore.
No target in view!
No target in view!
No target in view!
No target in view!
No target in view!
You enter the shallow water.
Moving in this stuff is going to be slow.
You enter the shallow water.
Moving in this stuff is going to be slow.
You see here a +0 hammer.
You see here a +0 hammer.
Crazy Yiuf shouts!
Crazy Yiuf screams, "Dawk green mobile!"
You open the door.
Crazy Yiuf whimpers, "Gnoll!
Shadow alas sallow."
You barely miss Crazy Yiuf.
Crazy Yiuf cries, "Flower sing-song sing-song!"
Crazy Yiuf hits you with a +3 quarterstaff of chaos!
You hit Crazy Yiuf.
Crazy Yiuf is lightly wounded.
Crazy Yiuf hits you with a +3 quarterstaff of chaos!
Crazy Yiuf freezes you.
Crazy Yiuf hits you with a +3 quarterstaff of chaos!
* * * LOW HITPOINT WARNING * * *
Crazy Yiuf freezes you.
* * * LOW HITPOINT WARNING * * *
You hit Crazy Yiuf but do no damage. Your headbutt misses Crazy Yiuf.
Crazy Yiuf is lightly wounded.
Crazy Yiuf yells, "Cake noodlescoop Xom!"
Crazy Yiuf hits you with a +3 quarterstaff of chaos!
You die...

..##.##.###
#.)..#
..##.##.####
#...)#
..##.#.....#
#.P.)#
...........#
##PP.#
######.....#
##.##
_..._##....#
##.#
≈#'#~##....#
#.##
##.###.##.##
##.#
.#.....##.#
#@##
.#..#####.# #g#
......# #.# ...
....### #.##
#...#
..#.#####..#
#)..#
..#....###.#
#####
...###..####
.#...##.# ###
#######.###>###


You could see Crazy Yiuf.

Vanquished Creatures
  3 iron imps (D:3)
  2 adders (D:3)
  6 endoplasms
  3 giant cockroaches
  A goblin (D:1)
  4 hobgoblins
  A quokka (D:1)
  3 ball pythons
  3 bats
  2 frilled lizards (D:1)
  7 kobolds
  3 rats
38 creatures vanquished.

Vanquished Creatures (others)
  A fungus (D:3)
1 creature vanquished.

Grand Total: 39 creatures vanquished

Notes
Turn   | Place    | Note
-------+----------+-------------------------------------------
     0 | D:1      | EarthwalkerPL the Minotaur Fighter began the quest for the
                  | Orb.
     0 | D:1      | Reached XP level 1. HP: 19/19 MP: 0/0
   120 | D:1      | Reached XP level 2. HP: 22/27 MP: 1/1
   757 | D:2      | Found a faded altar of an unknown god.
  1244 | D:2      | Reached XP level 3. HP: 31/33 MP: 2/2
  1282 | D:3      | Found a burning altar of Makhleb.
  1306 | D:3      | Reached XP level 4. HP: 33/41 MP: 3/3
  1505 | D:3      | Found a runed translucent door.
  1506 | D:3      | Noticed Crazy Yiuf
  1558 | D:3      | Found a shimmering blue altar of Sif Muna.
  1558 | D:3      | Found an opulent altar of Gozag.
  1742 | D:3      | Reached XP level 5. HP: 37/47 MP: 4/4
  2122 | D:3      | Slain by Crazy Yiuf

Illustrated notes

Levels and vault maps discovered:
D:1:      tekkud_arrival_beachfront_property, layout_loops_ring
D:2:      layout_basic, basic_ecumenical_altar
D:3:      layout_rooms, demons_altar, gammafunk_temple_overflow_elements,
          chequers_big_river, nicolae_figureground_pulse,
          uniq_crazy_yiuf_cottage

Skill      XL: |  1  2  3 |
---------------+----------+-----
Fighting       | 4 |  4.8
Axes           | 3 |  3.9
Armour         | 4 |  4.8
Shields        | 4 |  4.2

Action                     |  1- 3 |  4- 6 || total
---------------------------+-------+-------++-------
  Melee: War axe           |    55 |    25 ||    80
         Headbutt          |     4 |     3 ||     7
 Armour: Scale mail        |    19 |     8 ||    27
  Dodge: Dodged            |    31 |     5 ||    36
  Block: Buckler           |    11 |     5 ||    16
